 Dungeon Crawl Stone Soup version 0.20-a0-548-g4f8a798 (webtiles) character file.

1852 Amnesiac the Cruncher (level 8, -3/65 HPs)
             Began as a Mummy Gladiator on Feb 1, 2017.
             Slain by Kenran's ghost (8 damage)
             ... on level 5 of the Dungeon.
             The game lasted 00:08:47 (5672 turns).

Amnesiac the Cruncher (Mummy Gladiator)             Turns: 5672, Time: 00:08:48

Health: -3/65      AC:  9    Str: 17    XL:     8   Next: 88%
Magic:  8/8        EV: 12    Int:  7    God:
Gold:   452        SH:  0    Dex: 16    Spells: 7/7 levels left

rFire    . . .     SeeInvis .   f - +0 whip (elec)
rCold    + . .     Gourm    .   j - +3 leather armour {rF+}
rNeg     + + +     Faith    .   (no shield)
rPois    ∞         Spirit   .   c - +0 helmet
rElec    .         Reflect  .   (no cloak)
rCorr    .         Harm     .   k - +1 pair of gloves
MR       +....                  (no boots)
Stlth    +.........             (no amulet)
Regen    0.2/turn               (no ring)
                                (no ring)

@: slowed, very slow
A: no food or potions, fire vulnerability, cold resistance 1, negative energy
resistance 3, torment resistance, unbreathing
a: no special abilities


You were on level 5 of the Dungeon.
You were not hungry.

You visited 2 branches of the dungeon, and saw 8 of its levels.
You also visited: Sewer and Ossuary.

You collected 452 gold pieces.

Inventory:

Hand Weapons
 a - a +0 quarterstaff
 f - a +0 whip of electrocution (weapon)
 l - a +0 blowgun
 t - the +7 trident of Eternal Vigilance {flame, *Contam rN+ Stlth+, unknown}
   (You found it on level 7 of the Dungeon)

   It has been specially enchanted to burn those struck by it, causing extra
   injury to most foes and up to half again as much damage against particularly
   susceptible opponents.
   It protects you from negative energy.
   It causes magical contamination when unequipped.
   It makes you more stealthy.
Missiles
 d - 2 throwing nets (quivered)
Armour
 c - a +0 helmet (worn)
 j - a +3 leather armour of fire resistance (worn)
 k - a +1 pair of gloves (worn)
 w - a cursed +0 ring mail
Jewellery
 b - an uncursed ring of protection from fire {unknown}
Wands
 u - a wand of acid (9/15)
Scrolls
 e - a scroll of recharging {unknown}
 g - 10 scrolls of teleportation {unknown}
 h - a scroll of random uselessness {unknown}
 i - 8 scrolls of identify {unknown}
 n - 5 scrolls of remove curse {unknown}
 o - a scroll of fog {unknown}
 q - 2 scrolls of enchant weapon {unknown}
 r - a scroll of amnesia {unknown}
 s - a scroll of magic mapping {unknown}
Books
 m - a book of Misfortune

   Spells                             Type                      Level
   a - Confusing Touch                Hexes                        1
   b - Confuse                        Hexes                        3
   c - Gell's Gravitas                Hexes/Translocation          3
   d - Petrify                        Transmutation/Earth          4
   e - Metabolic Englaciation         Hexes/Ice                    5
   f - Yara's Violent Unravelling     Hexes/Transmutation          5
 p - a book of Flames

   Spells                             Type                      Level
   a - Flame Tongue                   Conjuration/Fire             1
   b - Throw Flame                    Conjuration/Fire             2
   c - Conjure Flame                  Conjuration/Fire             3
   d - Inner Flame                    Hexes/Fire                   3
   e - Sticky Flame                   Conjuration/Fire             4
   f - Fireball                       Conjuration/Fire             5
 v - a book of Air

   Spells                             Type                      Level
   a - Shock                          Conjuration/Air              1
   b - Swiftness                      Charms/Air                   2
   c - Repel Missiles                 Charms/Air                   2
   d - Static Discharge               Conjuration/Air              3
   e - Lightning Bolt                 Conjuration/Air              5


   Skills:
 + Level 6.8 Fighting
 * Level 8.4 Staves
 - Level 1.5 Throwing
 - Level 2.4 Dodging


You had 7 spell levels left.
You didn't know any spells.

Dungeon Overview and Level Annotations

Branches:
Dungeon (7/15)             Temple (1/1) D:7

Altars:
Ashenzari
Cheibriados
Dithmenos
Elyvilon
Fedhas
Hepliaklqana
Kikubaaqudgha
Makhleb
Nemelex Xobeh
Okawaru
Qazlal
Ru
Sif Muna
Trog
Uskayaw
Vehumet
Xom
Zin
The Shining One

Shops:
D:4 =[=*

Annotations:
D:5 Kenran's ghost, novice DDCK


Innate Abilities, Weirdness & Mutations

You do not eat or drink.
Your flesh is vulnerable to fire.
You are immune to poison.
Your flesh is cold resistant. (rC+)
You are immune to negative energy. (rN+++)
You are immune to unholy pain and torment.
You can survive without breathing.


Message History

Kenran's ghost freezes you.
* * * LOW HITPOINT WARNING * * *
You are too injured to fight recklessly!
You are too injured to fight recklessly!
You are too injured to fight recklessly!
You are too injured to fight recklessly!
You are too injured to fight recklessly!
You are too injured to fight recklessly!
You barely miss Kenran's ghost.
Kenran's ghost is severely damaged.
Kenran's ghost closely misses you. Kenran's ghost hits you.
* * * LOW HITPOINT WARNING * * *
Unknown command.
Unknown command.
You hit Kenran's ghost.
Kenran's ghost is severely damaged.
Kenran's ghost hits you.
* * * LOW HITPOINT WARNING * * *
You convulse!
You die...

#......# #....>..# #.#
#.###..# #.......###.#
#.# #..###.......#...#
#.###............#.###
#......###.......#.#
#......####.#.####.#
###.##.#......####.#
###.##.#.##.#...##÷#
.......#.##.#..W@..#
########
.##.#.......!....###
#......#####
(##............#.#
#.####.##...
.####..#.#.#####.#
##.#.........
.####.#.#.....##.#
#.......##...
......##.#.##.##.#
#..#.##.###.#
..########.......#
#.......# #.# ....#
###...### #.#.###.#
#.. #.#.# #...#
##.#.###.#####


You could see Kenran's ghost.

Vanquished Creatures
  2 ogres
  2 big kobolds (Sewer)
  Blork the orc (D:4)
  4 bullfrogs
  6 scorpions
  3 howler monkeys
  A crimson imp (D:5)
  2 orc priests (D:7)
  2 hounds
  2 iguanas
  Ijyb (D:3)
  3 orc wizards (D:7)
  3 worker ants
  Natasha (D:2)
  A big kobold zombie (Ossuary)
  8 mummies (Ossuary)
  4 gnolls (D:4)
  11 adders
  2 river rats
  2 shadow imps
  6 oozes
  2 adder skeletons
  4 worms (Sewer)
  3 leopard geckos
  8 orcs
  2 bats
  3 giant cockroaches
  A gnoll zombie (Ossuary)
  5 goblins
  3 hobgoblins
  3 jackals (D:7)
  8 kobolds
  2 quokkas
  4 ball pythons
  3 frilled lizards
  4 hobgoblin zombies (Ossuary)
  2 jackal zombies
  A kobold zombie (Ossuary)
  An orc zombie (Ossuary)
  8 rats
134 creatures vanquished.

Notes
Turn   | Place    | Note
-------+----------+-------------------------------------------
     0 | D:1      | Amnesiac the Mummy Gladiator began the quest for the Orb.
     0 | D:1      | Reached XP level 1. HP: 16/16 MP: 1/1
    67 | D:2      | Found a faded altar of an unknown god.
    88 | D:2      | Reached XP level 2. HP: 6/22 MP: 2/2
    96 | D:2      | Reached skill level 3 in Staves
   428 | D:2      | Noticed Natasha
   434 | D:2      | Killed Natasha
   434 | D:2      | Reached XP level 3. HP: 10/28 MP: 3/3
   691 | D:3      | Noticed Ijyb
   703 | D:3      | Killed Ijyb
   703 | D:3      | Reached XP level 4. HP: 17/34 MP: 4/4
   877 | D:3      | Found an ancient bone altar of Kikubaaqudgha.
   989 | D:3      | Found a snail-covered altar of Cheibriados.
  1204 | D:4      | Found Ixtaq's Armour Shop.
  1233 | D:4      | Found a hide-covered altar of Uskayaw.
  1306 | D:4      | Found Ufelueme's Jewellery Emporium.
  1346 | D:4      | Found Reguih's Jewellery Shop.
  1375 | D:4      | Found Ocrasto's Assorted Antiques.
  1421 | D:4      | Reached skill level 4 in Staves
  1464 | D:4      | Reached XP level 5. HP: 39/41 MP: 5/5
  1498 | D:4      | Noticed Blork the orc
  1510 | D:4      | Killed Blork the orc
  1542 | D:4      | Found a glowing drain.
  1550 | Sewer    | Entered a sewer
  1930 | Sewer    | Reached XP level 6. HP: 48/48 MP: 6/6
  2154 | Sewer    | Reached skill level 5 in Staves
  2360 | D:5      | Entered Level 5 of the Dungeon
  2487 | D:5      | Reached XP level 7. HP: 55/55 MP: 7/7
  2670 | D:5      | Reached skill level 6 in Staves
  2766 | D:5      | Reached skill level 5 in Fighting
  2878 | D:5      | Noticed Kenran's ghost (novice DDCK)
  3492 | D:6      | Reached skill level 7 in Staves
  3492 | D:6      | Reached XP level 8. HP: 22/63 MP: 8/8
  3741 | D:6      | Found a shimmering altar of Xom.
  3776 | D:6      | Found a sand-covered staircase.
  3781 | Ossuary  | Entered an ossuary
  4655 | D:7      | Got a smoking trident
  4789 | D:7      | Reached skill level 8 in Staves
  5360 | D:7      | Found a staircase to the Ecumenical Temple.
  5365 | Temple   | Entered the Ecumenical Temple
  5672 | D:5      | Slain by Kenran's ghost

Vault maps used:
D:1:      minmay_arrival_loop
D:2:      lemuel_zombie_altar_yredelemnul, chequers_ecumenical_altar_island,
          uniq_natasha, uniq_jessica
D:3:      lemuel_round_altar, kiku_gazebo_pond_becter, first_bread, uniq_iyjb
D:4:      eat_drink_and_be_merry_uskayaw, serial_shops, shop,
          nicolae_shop_window_shopping, shop_fountains, nicolae_shop_stone,
          portal_sewer_entry_e, uniq_blork_the_orc
D:6:      basic_altar, lightli_ossuary_entry_decrepit_ruins,
          nicolae_underground_beach
D:7:      temple_doors_cd, corexii_corridor_pit
Temple:   eino_temple_scatter_basement
Sewer:    sewer_co_tree
Ossuary:  ossuary_tomb_3

Skill      XL: |  1  2  3  4  5  6  7  8 |
---------------+-------------------------+-----
Staves         | 3 4 5 7 8 |  8.4
Fighting       | 3 4 5 6 |  6.8
Throwing       | |  1.5
Dodging        | |  2.4

Action                   |  1- 3 |  4- 6 |  7- 9 || total
-------------------------+-------+-------+-------++-------
Melee: Whip              |    48 |   215 |   363 ||   626
       Quarterstaff      |     1 |       |       ||     1
Throw: Throwing net      |     1 |       |       ||     1
 Stab: Sleeping          |     1 |       |       ||     1
Armor: Leather armour    |    14 |    77 |    89 ||   180
Dodge: Dodged            |    28 |   101 |   165 ||   294
